 Dungeon Crawl Stone Soup version 0.24.0-13-gcf9b3192b9 (webtiles) character file.

Game seed: 18036801559026419464, levelgen mode: deterministic

349 Delamore the Cleaver (level 6, -4/51 HPs)
             Began as a Hill Orc Monk on Nov 5, 2019.
             Slain by a gnoll
             ... wielding a +0 spear
              (6 damage)
             ... on level 4 of the Dungeon.
             The game lasted 00:06:34 (3749 turns).

Delamore the Cleaver (Hill Orc Monk)                Turns: 3749, Time: 00:06:34

Health: -4/51      AC:  3    Str: 16    XL:     6   Next: 60%
Magic:  15/15      EV: 12    Int: 10    God:
Gold:   201        SH:  0    Dex: 13    Spells: 5/5 levels left

rFire    . . .     SeeInvis .   a - +0 hand axe
rCold    . . .     Gourm    +   (no shield)
rNeg     . . .     Faith    .   q - +0 leather armour {rPois}
rPois    +         Spirit   .   (no helmet)
rElec    .         Reflect  .   (no cloak)
rCorr    .         Harm     .   (no gloves)
MR       .....                  (no boots)
Stlth    ++........             l - amulet of the gourmand
HPRegen  0.17/turn              p - ring of magical power
MPRegen  0.14/turn              (no ring)

@: no status effects
A: no striking features
a: no special abilities


You were on level 4 of the Dungeon.
You were very full.

You visited 1 branch of the dungeon, and saw 4 of its levels.

You collected 201 gold pieces.

Inventory:

Hand Weapons
 a - a +0 hand axe (weapon)
Missiles
 e - 2 poisoned darts (quivered)
 g - 2 atropa-tipped darts
Armour
 q - a +0 leather armour of poison resistance (worn)
Jewellery
 d - an uncursed amulet of magic regeneration
 l - an amulet of the gourmand (around neck)
 p - a ring of magical power (left hand)
Scrolls
 b - a scroll of teleportation {unknown}
 h - 3 scrolls of enchant armour {unknown}
 i - a scroll of blinking {unknown}
 j - 6 scrolls of identify {unknown}
 m - a scroll of fog {unknown}
 n - 2 scrolls of enchant weapon {unknown}
 o - a scroll of random uselessness {unknown}
Potions
 f - 3 potions of curing
 k - a potion of agility
Comestibles
 c - 9 rations


   Skills:
 - Level 3.6 Fighting
 + Level 9.2 Axes
 + Level 0.3 Throwing
 - Level 1.0 Armour
 - Level 2.4 Dodging
 - Level 1.5 Stealth


You had 5 spell levels left.
You didn't know any spells.
Your spell library was empty.

Dungeon Overview and Level Annotations

Branches:
Dungeon (4/15)             Temple (0/1) D:4

Altars:
Fedhas
Okawaru

Shops:
D:4 }


Message History

The gnoll hits you with a +0 spear.
* * * LOW HITPOINT WARNING * * *
You see here a +0 flail.
You are too injured to fight recklessly!
You hit the gnoll.
The gnoll is moderately wounded.
The gnoll hits you with a +0 spear.
* * * LOW HITPOINT WARNING * * *
You hit the gnoll but do no damage.
The gnoll is moderately wounded.
The gnoll hits you with a +0 spear.
* * * LOW HITPOINT WARNING * * *
You closely miss the gnoll.
The gnoll is moderately wounded.
The gnoll hits you with a +0 spear!
* * * LOW HITPOINT WARNING * * *
You hit the gnoll.
The gnoll is heavily wounded.
The gnoll hits you with a +0 spear.
You die...

.......# ##....# ....... .##
##.....## ...... ...# ##.......#
.....###### #..##........## ###
......#...# #............# #..
....#(#.#.### #..........####.#
....#.._....## ##...............#
.g.##.#.#....###)...........#####
g.. #...(g....##@#..........##
..# #........÷##g#...........####
.( #.......g..(.##........#..#..
g. #........÷(.####......###....
.> #...........# ##...### ###..
##..........# ##### ##.
#..........## #. #...........# #.
##.........## #.


You could see a gnoll.

Vanquished Creatures
  A phantom (D:4)
  2 hounds
  2 worker ants (D:4)
  4 adders
  3 gnolls (D:4)
  3 worms
  2 dart slugs
  4 leopard geckos
  2 orcs (D:3)
  6 bats
  2 giant cockroaches
  15 goblins
  4 hobgoblins
  6 jackals
  9 kobolds
  A quokka (D:4)
  A ball python (D:3)
  5 frilled lizards
  7 rats
79 creatures vanquished.

Notes
Turn   | Place    | Note
-------+----------+-------------------------------------------
     0 | D:1      | Delamore the Hill Orc Monk began the quest for the Orb.
     0 | D:1      | Reached XP level 1. HP: 19/19 MP: 1/1
   169 | D:1      | Reached XP level 2. HP: 23/26 MP: 2/2
   245 | D:1      | Reached skill level 5 in Axes
   583 | D:1      | Reached XP level 3. HP: 29/31 MP: 3/3
  1125 | D:2      | Reached skill level 6 in Axes
  1125 | D:2      | Reached skill level 1 in Armour
  1125 | D:2      | Reached XP level 4. HP: 39/39 MP: 4/4
  1512 | D:2      | Reached skill level 7 in Axes
  1703 | D:3      | Reached XP level 5. HP: 41/45 MP: 5/5
  2519 | D:4      | Found Qexkil's Gadget Emporium.
  2637 | D:4      | Found a staircase to the Ecumenical Temple.
  2782 | D:4      | Noticed a phantom
  2857 | D:4      | HP: 1/45 [phantom (6)]
  2864 | D:4      | Killed a phantom
  2864 | D:4      | Reached skill level 8 in Axes
  2864 | D:4      | Reached XP level 6. HP: 10/51 MP: 6/6
  3154 | D:4      | Found a blossoming altar of Fedhas.
  3401 | D:4      | Found an iron altar of Okawaru.
  3418 | D:4      | Reached skill level 9 in Axes
  3748 | D:4      | HP: 1/51 [gnoll/+0 spear (8)]
  3749 | D:4      | Slain by a gnoll

Levels and vault maps discovered:
D:1:      ncdulo_smallfort, layout_rooms, minmay_hedge_maze
D:2:      layout_rooms, minmay_misc_feat_tower, minmay_split_cup_large
D:3:      layout_loops_ring
D:4:      layout_cave_pods, lemuel_crystal_altar,
          nicolae_overflow_crystal_walls, temple_fountains, serial_shops, shop,
          fountainhead

Skill      XL: |  1  2  3  4  5  6 |
---------------+-------------------+-----
Axes           | 5 6 7 8 9 |  9.2
Armour         | 1 |  1.0
Fighting       | |  3.6
Throwing       | |  0.3
Dodging        | |  2.4
Stealth        | |  1.5

Action                   |  1- 3 |  4- 6 || total
-------------------------+-------+-------++-------
Melee: Hand axe          |   132 |   215 ||   347
Throw: Dart              |       |    10 ||    10
  Use: Potion            |       |     2 ||     2
 Stab: Sleeping          |     1 |     1 ||     2
  Eat: Chunk             |     1 |    16 ||    17
Armor: Ring mail         |    39 |    21 ||    60
       Robe              |     1 |       ||     1
       Leather armour    |       |    23 ||    23
Dodge: Dodged            |    69 |   106 ||   175
